 Dungeon Crawl Stone Soup version 0.28.0-53-g5a82cb258f (webtiles) character file.

Game seed: 13428446346412286971

3194 Sin92 the Skirmisher (level 9, -1/71 HPs)
             Began as a Demonspawn Fighter on June 7, 2022.
             Was an Initiate of Okawaru.
             Killed by the air
             ... invoked by Gastronok
              (22 damage)
             ... on level 8 of the Dungeon.
             The game lasted 00:13:07 (9714 turns).

Sin92 the Skirmisher (Demonspawn Fighter)           Turns: 9714, Time: 00:13:07

Health: -1/71      AC: 14    Str: 14    XL:     9   Next: 64%
Magic:  0/9        EV:  7    Int: 10    God:    Okawaru [......]
Gold:   401        SH:  9    Dex: 15    Spells: 8/8 levels left

rFire   . . .      SeeInvis .   d - +8 hand axe of Insufficient Pleasure {vorpal, *Noise rPois rN+ Will++ Str-4}
rCold   . . .      Faith    .   c - +0 buckler
rNeg    + . .      Spirit   +   q - +0 chain mail
rPois   +          Reflect  .   (helmet restricted)
rElec   .          Harm     .   l - +0 cloak
rCorr   .          Rampage  .   (gloves unavailable)
Will    +++..                   D - +2 pair of boots
Stlth   ..........              n - amulet of guardian spirit
HPRegen 0.21/turn               p - ring of willpower
MPRegen 0.11/turn               B - ring of poison resistance

@: hasted, very quick
A: antennae 1, condensation shield, weakness stinger 1, demonic touch 3
a: Renounce Religion


You were on level 8 of the Dungeon.
You worshipped Okawaru.
Okawaru was noncommittal.
You visited 2 branches of the dungeon, and saw 9 of its levels.

You collected 401 gold pieces.

Inventory:

Hand Weapons
 a - a +0 war axe
 d - the +8 hand axe of Insufficient Pleasure (weapon) {vorpal, *Noise rPois rN+ Will++ Str-4}
   (You found it on level 4 of the Dungeon)

   It inflicts extra damage upon your enemies.
   Str:       It affects your strength (-4).
   rPois:     It protects you from poison.
   rN:        It protects you from negative energy.
   *Noise:    It may make noises in combat.
   Will:      It greatly increases your willpower.
 o - a +1 vorpal flail
 z - a +1 broad axe
 G - a +1 whip of electrocution
Armour
 b - a +0 scale mail
 c - a +0 buckler (worn)
 l - a +0 cloak (worn)
 q - a +0 chain mail (worn)
 y - a +0 pair of boots
 D - a +2 pair of boots (worn)
Jewellery
 n - an amulet of guardian spirit (around neck)
 p - a ring of willpower (left hand)
 w - a +6 ring of intelligence
 x - a ring of wizardry
 B - a ring of poison resistance (right hand)
Wands
 e - a wand of flame (29)
 j - a wand of charming (15)
 s - a wand of paralysis (10)
 C - a wand of acid (6)
 E - a wand of iceblast (7)
Scrolls
 f - 3 scrolls of teleportation
 g - 7 scrolls of identify
 h - a scroll of magic mapping
 k - a scroll of holy word
 r - 2 scrolls of blinking
 u - 2 scrolls of silence
 v - a scroll of vulnerability
 F - 2 scrolls of fog
 I - a scroll of summoning {unknown}
Potions
 i - 6 potions of curing
 m - a potion of mutation
 t - 2 potions of magic
 A - 3 potions of haste
 H - a potion of heal wounds {unknown}
 J - a potion of resistance
 K - a potion of might


   Skills:
 + Level 6.5 Fighting
 * Level 6.3(6.6) Axes
 - Level 2.2(4.6) Maces & Flails
 + Level 5.9 Armour
 + Level 5.0 Dodging
 + Level 5.9 Shields
 + Level 0.6 Invocations


You had 8 spell levels left.
You didn't know any spells.
Your spell library contained the following spells:

 Spells                   Type           Power      Damage    Failure   Level
 Corpse Rot               Necr/Air       0%         N/A       100%        2
 Poisonous Vapours        Pois/Air       0%         N/A       100%        2
 Ozocubu's Armour         Ice            0%         N/A       100%        3
 Portal Projectile        Hex/Tloc       0%         N/A       100%        3
 Leda's Liquefaction      Hex/Erth       0%         N/A       100%        4
 Metabolic Englaciation   Hex/Ice        0%         N/A       100%        5
 Call Canine Familiar     Summ           Unusable   N/A       N/A         3
 Simulacrum               Ice/Necr       Unusable   N/A       N/A         6

Dungeon Overview and Level Annotations

Branches:
Dungeon (8/15)             Temple (1/1) D:7
   Lair: D:8-11

Altars:
Ashenzari
Cheibriados
Dithmenos
Elyvilon
Fedhas
Gozag
Hepliaklqana
Kikubaaqudgha
Makhleb
Nemelex Xobeh
Okawaru
Qazlal
Ru
Sif Muna
Trog
Vehumet
Wu Jian
Xom
Yredelemnul
Zin
The Shining One

Annotations:
D:8 Gastronok


Innate Abilities, Weirdness & Mutations

You have a pair of small antennae on your head.
A meltable shield of frost defends you. (SH +4)
You have a small tail.
Your touch may irresistibly damage your foes and sap their willpower.


Message History

You hit Gastronok.
Gastronok is moderately wounded.
You hit Gastronok.
You tail-slap Gastronok, but do no damage.
Gastronok is moderately wounded.
Gastronok casts a spell.
You hit Gastronok.
You hear a very strange noise.
Gastronok is heavily wounded.
You hear a loud, deep croak!
You hear an angry hiss.
You hear a shout! x2
You slash Gastronok!
Gastronok is heavily wounded.
Gastronok bites you!
You completely miss Gastronok. You tail-slap Gastronok.
Gastronok is heavily wounded.
You slash Gastronok! You tail-slap Gastronok.
Gastronok is severely wounded.
Gastronok waves his eye-stalks in wide circles.
The air twists around and strikes you!!
You hit Gastronok.
Gastronok is severely wounded.
You slash Gastronok!
Gastronok is severely wounded.
Gastronok bites you!
You slash Gastronok!
Gastronok is severely wounded.
An orc wizard comes into view. It is wielding a +0 dagger.
You hit Gastronok.
Gastronok is almost dead.
Gastronok bites you!
* * * LOW HITPOINT WARNING * * *
It was a potion of haste.
You feel yourself speed up.
The orc wizard casts a spell.
The orc wizard flickers and vanishes!
Deactivating autopickup; reactivate with Ctrl-A.
You slash Gastronok!
Gastronok is almost dead.
Gastronok waves his eye-stalks in wide circles.
The air twists around and strikes you!!
You die...

........#...####
.............#
...............#
...............#
...............#
... .F.# ....
#r5 ..... #w# {
......#@####
#...<.# #.....#
#.........
............
#..............
#..♣...♣♣.♣...♣
......P.. ......
.#...P.P. .P....


You could see Gastronok (swift), a bullfrog, a shadow imp and a quokka
(summoned).

Vanquished Creatures
  Pikel (D:7)
  Grinder (D:4)
  Sigmund (D:3)
  A wraith (D:6)
  2 water moccasins
  2 sky beasts
  2 ice beasts
  A black bear (D:6)
  3 ogres (D:6)
  A centaur (D:5)
  3 lemures (D:7)
  A phantom (D:5)
  A kobold brigand (D:7)
  2 wyvern zombies (D:5)
  2 water moccasin skeletons
  A howler monkey (D:5)
  3 bullfrog zombies
  3 hounds
  A jelly (D:6)
  2 orc priests
  A centaur skeleton (D:7)
  A bullfrog skeleton (D:4)
  5 iguanas
  4 orc wizards
  A hound skeleton (D:5)
  2 howler monkey zombies
  3 gnolls (D:3)
  7 adders
  2 shadow imps
  A white imp (D:6)
  An ufetubus (D:4)
  A worm (D:2)
  3 dart slugs
  14 orcs
  2 bats
  7 endoplasms
  2 giant cockroaches (D:1)
  3 goblins
  11 hobgoblins
  9 jackals
  6 quokkas
  5 ball pythons
  6 frilled lizards
  11 kobolds
  3 rats
145 creatures vanquished.

Notes
Turn   | Place    | Note
-------+----------+-------------------------------------------
     0 | D:1      | Sin92 the Demonspawn Fighter began the quest for the Orb.
     0 | D:1      | Reached XP level 1. HP: 18/18 MP: 1/1
   232 | D:1      | Discovered your monstrous ancestry.
   232 | D:1      | Gained mutation: You have a small tail. [demonic ancestry]
   232 | D:1      | Reached XP level 2. HP: 20/24 MP: 2/2
   743 | D:1      | Gained mutation: Your touch may inflict minor irresistible
                  | damage on your foes. [demonic ancestry]
   743 | D:1      | Reached XP level 3. HP: 23/29 MP: 3/3
   974 | D:1      | Reached skill level 1 in Dodging
  1407 | D:2      | Found the +1 Delatra's gloves {ID++}
  1920 | D:2      | Gained mutation: Your touch may inflict irresistible damage
                  | on your foes. [demonic ancestry]
  1920 | D:2      | Reached XP level 4. HP: 35/35 MP: 4/4
  2062 | D:2      | You fall into a shaft and drop 2 floors!
  2249 | D:3      | Gained mutation: Your touch may irresistibly damage your
                  | foes and sap their willpower. [demonic ancestry]
  2249 | D:3      | Reached XP level 5. HP: 37/42 MP: 5/5
  3412 | D:3      | Noticed Sigmund
  3427 | D:3      | Killed Sigmund
  3428 | D:3      | Reached skill level 1 in Maces & Flails
  3428 | D:3      | Gained mutation: You have a pair of small antennae on your
                  | head. [demonic ancestry]
  3428 | D:3      | Reached XP level 6. HP: 18/48 MP: 2/6
  3863 | D:4      | Noticed Grinder
  3887 | D:4      | Killed Grinder
  3888 | D:4      | Gained mutation: A meltable shield of frost defends you.
                  | (SH +4) [demonic ancestry]
  3888 | D:4      | Reached XP level 7. HP: 21/55 MP: 3/7
  3935 | D:4      | Identified the +8 hand axe of Insufficient Pleasure
                  | {vorpal, *Noise rPois rN+ Will++ Str-4}
  4666 | D:5      | Entered Level 5 of the Dungeon
  4848 | D:5      | Found a snail-covered altar of Cheibriados.
  5238 | D:5      | Reached skill level 5 in Fighting
  5238 | D:5      | Reached XP level 8. HP: 28/62 MP: 3/8
  6246 | D:6      | Reached skill level 5 in Armour
  6265 | D:6      | Reached skill level 5 in Shields
  6425 | D:6      | Found a bloodstained altar of Trog.
  6466 | D:6      | Reached skill level 5 in Axes
  6565 | D:6      | Reached XP level 9. HP: 69/69 MP: 9/9
  7692 | D:7      | Noticed Pikel
  7713 | D:7      | Killed Pikel
  8006 | D:7      | Found a staircase to the Ecumenical Temple.
  8323 | Temple   | Entered the Ecumenical Temple
  8433 | Temple   | Became a worshipper of Warmaster Okawaru
  8482 | D:7      | Found a stormy altar of Qazlal.
  8653 | D:7      | Reached skill level 5 in Dodging
  9095 | D:8      | Noticed Gastronok
  9120 | D:8      | HP: 1/71 [Gastronok/the air (12)]
  9714 | D:8      | Killed from afar by Gastronok

Illustrated notes

Levels and vault maps discovered:
D:1:      dpeg_arrival_short_road, layout_basic, kennysheep_flooded_box,
          minmay_split_cup_small
D:2:      layout_basic, serial_aquarium, aquarium_bridge_square
          [aquarium_subvault_balcony, aquarium_subvault_balcony,
          aquarium_subvault_bridge, aquarium_subvault_balcony],
          aquarium_bridge_island_small [aquarium_subvault_small_water,
          aquarium_subvault_wall, aquarium_subvault_bridge,
          aquarium_subvault_wall, aquarium_subvault_window],
          aquarium_window_corridor_3, aquarium_window_1, aquarium_window_corner,
          aquarium_view_2e, aquarium_pool_five,
          hangedman_abyss_or_decor_lesser_grid
D:3:      layout_loops_corners, uniq_sigmund
D:4:      layout_basic, serial_curves, eino_curves_02, eino_curves_03,
          interstate_on_off, uniq_grinder
D:5:      layout_gridville, cheibriados_altar_1
D:6:      layout_loops_ring, mainiacjoe_overflow_paths, minmay_misc_feat_columns
D:7:      layout_layer_cave, nicolae_qazlal_general_emergency,
          minmay_temple_entry_junction, hangedman_abyss_or_decor_stagger,
          minmay_misc_feat_roman, roderic_lattice_a, uniq_pikel
D:8:      layout_cave_pools, gammafunk_ghost_necromancy, serial_park,
          serial_park_avenue1, serial_park_tiny_pond, serial_park_paths
          [serial_park_minivault_5x5_5], serial_park_square3
          [serial_park_minivault_5x5_4], serial_park_tiny_2, serial_park_tiny_2,
          uniq_maurice, uniq_psyche, uniq_gastronok
Temple:   mainiacjoe_temple_coin_purse

Skill      XL: |  1  2  3  4  5  6  7  8  9 |
---------------+----------------------------+-----
Axes           | 2 3 5 6 |  6.3
Armour         | 3 4 5 |  5.9
Shields        | 3 4 5 |  5.9
Dodging        | 1 2 3 4 5 |  5.0
Fighting       | 4 5 6 |  6.5
Maces & Flails | 1 2 |  2.2
Invocations    | |  0.6

Action                   |  1- 3 |  4- 6 |  7- 9 || total
-------------------------+-------+-------+-------++-------
Melee: War axe           |   104 |    28 |       ||   132
       Tailslap          |     9 |    13 |    45 ||    67
       Flail             |       |    81 |     9 ||    90
       Hand axe          |       |       |   241 ||   241
  Use: Scroll            |       |    11 |     5 ||    16
       Potion            |       |     2 |     3 ||     5
Armor: Scale mail        |    52 |     6 |       ||    58
       Chain mail        |       |    79 |   121 ||   200
Dodge: Dodged            |    68 |    33 |    55 ||   156
Block: Buckler           |    43 |    24 |   109 ||   176
